 Dungeon Crawl Stone Soup version 0.31-a0-233-g139696dc86 (webtiles) character file.

Game seed: 6331159051955757594

259 qw the Shooter (level 5, -4/45 HPs)
             Began as a Minotaur Hexslinger on July 9, 2023.
             Slain by a killer bee (8 damage)
             ... on level 4 of the Dungeon.
             The game lasted 00:01:23 (2666 turns).

qw the Shooter (Minotaur Hexslinger)                Turns: 2666, Time: 00:01:23

Health: -4/45      AC:  5    Str: 12    XL:     5   Next: 95%
Magic:  5/5        EV: 11    Int: 10    God:
Gold:   145        SH:  0    Dex: 15    Spells: 5/6 levels left

rFire   . . .        b - +2 sling (heavy)
rCold   . . .        (no shield)
rNeg    . . .        c - +0 ring mail {rPois}
rPois   +            (helmet restricted)
rElec   .            (no cloak)
rCorr   .            (no gloves)
SInv    .            (no boots)
Will    .....        (no amulet)
Stlth   +            (no ring)
HPRegen 0.27/turn    (no ring)
MPRegen 0.09/turn

%: no passive effects
@: no status effects
A: horns 2, retaliatory headbutt
a: no special abilities


You were on level 4 of the Dungeon.
You visited 1 branch of the dungeon, and saw 4 of its levels.

You collected 145 gold pieces.


Innate Abilities, Weirdness & Mutations

You have a pair of horns on your head.
You reflexively headbutt those who attack you in melee.


   Skills:
 + Level 3.1 Fighting
 - Level 6.2 Ranged Weapons
 - Level 1.0 Armour
 - Level 2.1 Dodging
 - Level 1.0 Spellcasting
 - Level 2.0 Hexes


You had 5 spell levels left.
You knew the following spells:

 Your Spells              Type           Power      Damage    Failure   Level
a - Slow                  Hex            16%        N/A       34%         1

Your spell library contained the following spells:

 Spells                   Type           Power      Damage    Failure   Level
 Inner Flame              Hex/Fire       2%         N/A       83%         3
 Portal Projectile        Hex/Tloc       4%         N/A       83%         3
 Cause Fear               Hex            2%         N/A       98%         4

Inventory:

Hand Weapons
 b - a +2 heavy sling (weapon)
Armour
 c - a +0 ring mail of poison resistance (worn)
Scrolls
 a - 3 scrolls of identify
Potions
 e - 3 potions of curing
 g - a potion of enlightenment

Dungeon Overview and Level Annotations

Branches:
Dungeon (4/15)
 Temple: D:4-7

Altars:
Fedhas
Ru

Annotations:
D:3 exclusion: oklob plant


Message History

The killer bee buzzes angrily. x2
The sling bullet hits the killer bee.
The killer bee is lightly wounded.
A killer bee comes into view.
The killer bee completely misses you. You furiously retaliate!
You headbutt the killer bee. The killer bee stings you.
The killer bee barely misses you. You furiously retaliate!
You headbutt the killer bee! You shoot a sling bullet.
The killer bee buzzes angrily.
The sling bullet hits the killer bee!
You kill the killer bee!
The killer bee barely misses you. The killer bee completely misses you.
You furiously retaliate!
You headbutt the killer bee, but do no damage.
The killer bee stings you!
The killer bee stings you but does no damage.
Your Ranged Weapons skill increases to level 6!
You shoot a sling bullet. The sling bullet misses the killer bee.
The killer bee stings you! The killer bee stings you. x2
The killer bee completely misses you. You furiously retaliate!
You headbutt the killer bee. The killer bee stings you. x2
The killer bee closely misses you. The killer bee stings you.
You shoot a sling bullet.
The sling bullet closely misses the killer bee.
The sling bullet hits the killer bee.
The killer bee is lightly wounded.
The killer bee closely misses you. You furiously retaliate!
You headbutt the killer bee. The killer bee closely misses you.
The killer bee stings you.
The killer bee stings you but does no damage.
The killer bee barely misses you. You furiously retaliate!
You headbutt the killer bee! The killer bee barely misses you.
You shoot a sling bullet.
The sling bullet barely misses the killer bee.
The sling bullet misses the killer bee.
The sling bullet hits the ball python.
The ball python is moderately wounded.
The killer bee misses you. You furiously retaliate!
You headbutt the killer bee!
The killer bee stings you. x2; The killer bee stings you!
You die... +.. ..~~~~.. ### ...~~~. #.# #.~~~~ #.# #.~~~ #.# #Sy~ #+# #.# #yy

#.# #.# #y########.#
#.# #@y......#.## #.#
#.#####.....####
#.###.####.........#
#...............##.#
#####.###....#.###.###
#.................
#.####.........###
#........#######
##########


You could see 5 killer bees and a ball python.

Vanquished Creatures
  A killer bee (D:4)
  A hound (D:4)
  Terence (D:2)
  3 gnolls (D:2)
  7 adders
  A worm (D:2)
  2 dart slugs
  A ball python (D:1)
  7 endoplasms
  2 giant cockroaches
  6 goblins
  6 hobgoblins
  3 quokkas
  4 bats
  5 frilled lizards
  7 kobolds
  4 rats
61 creatures vanquished.

Notes
Turn   | Place    | Note
-------+----------+-------------------------------------------
     0 | D:1      | qw the Minotaur Hexslinger began the quest for the Orb.
     0 | D:1      | Reached XP level 1. HP: 16/16 MP: 1/1
     0 | D:1      | 0 ||| qw: Version: 0.3-a-51-g015441d
     0 | D:1      | 0 ||| qw: Game counter: 4003
     0 | D:1      | 0 ||| qw: Melee chars always use a shield: true
     0 | D:1      | 0 ||| qw: God list: Okawaru
     0 | D:1      | 0 ||| qw: Allow faded altars: false
     0 | D:1      | 0 ||| qw: Do Orc after clearing Dungeon:15 true
     0 | D:1      | 0 ||| qw: Do second Lair branch before Depths: true
     0 | D:1      | 0 ||| qw: Lair rune preference: random
     0 | D:1      | 0 ||| qw: Goals: Normal
     0 | D:1      | 0 ||| PLANNING D:1-11
   165 | D:1      | Reached skill level 3 in Ranged Weapons
   165 | D:1      | Reached XP level 2. HP: 23/23 MP: 2/2
   655 | D:1      | 655 ||| UPGRADING to +0 ring mail.
   665 | D:1      | 665 ||| DROPPING +0 robe.
   666 | D:1      | 666 ||| READING 2 scrolls labelled MIPRIUP IVVEG.
   667 | D:1      | 667 ||| READING scroll labelled VEIRHOYDUH.
   668 | D:1      | 668 ||| READING scroll labelled SELALICYTIA.
   669 | D:1      | 669 ||| DRINKING 3 fizzy inky potions.
   670 | D:1      | 670 ||| DRINKING 2 cyan potions.
   671 | D:1      | 671 ||| DROPPING scroll of poison.
   672 | D:1      | 672 ||| DROPPING potion of invisibility.
   712 | D:2      | Reached XP level 3. HP: 29/29 MP: 3/3
   793 | D:2      | Reached skill level 4 in Ranged Weapons
   935 | D:2      | Reached skill level 1 in Armour
  1005 | D:2      | 1005 ||| Stepping ~*~*~tactically~*~*~ (outnumbered).
  1008 | D:2      | Reached XP level 4. HP: 36/36 MP: 4/4
  1016 | D:2      | 1016 ||| Stepping ~*~*~tactically~*~*~ (outnumbered).
  1018 | D:2      | HP: 8/36 [gnoll/+0 spear (4)]
  1019 | D:2      | 1019 ||| DRINKING 2 potions of heal wounds.
  1324 | D:2      | Noticed Terence
  1333 | D:2      | Killed Terence
  1334 | D:2      | Reached skill level 5 in Ranged Weapons
  1368 | D:2      | 1368 ||| READING scroll labelled GOXOUFR ETSEPT.
  1368 | D:2      | Identified a scroll of acquirement
  1368 | D:2      | 1368 ||| ACQUIRING +2 heavy sling
  1368 | D:2      | Acquired a +2 heavy sling
  1370 | D:2      | 1370 ||| SWAPPING to +2 heavy sling.
  1371 | D:2      | 1371 ||| DROPPING +2 sling of draining.
  1372 | D:2      | 1372 ||| READING scroll labelled DAT KUATUWN.
  1373 | D:2      | 1373 ||| READING scroll labelled NECONI LANYZA.
  1378 | D:2      | 1378 ||| READING scroll labelled ODADOICKUI.
  1379 | D:2      | 1379 ||| DRINKING 2 glowing cyan potions.
  1380 | D:2      | 1380 ||| DROPPING potion of brilliance.
  1474 | D:3      | Reached XP level 5. HP: 33/42 MP: 5/5
  1641 | D:3      | Reached skill level 3 in Fighting
  1792 | D:3      | Found a blossoming altar of Fedhas.
  1806 | D:3      | Noticed an oklob plant
  1807 | D:3      | 1807 ||| UPGRADING to +0 ring mail of poison resistance.
  1817 | D:3      | 1817 ||| DROPPING +0 ring mail.
  1818 | D:3      | 1818 ||| READING 3 scrolls of identify.
  1818 | D:3      | 1818 ||| IDENTIFYING glowing clear potion
  1831 | D:3      | HP: 9/45 [oklob plant/splash of acid (36)]
  1832 | D:3      | 1832 ||| DRINKING 2 potions of heal wounds.
  1833 | D:3      | 1833 ||| DRINKING potion of heal wounds.
  2040 | D:3      | Found a faded altar of an unknown god.
  2072 | D:3      | Found a sacrificial altar of Ru.
  2095 | D:3      | 2095 ||| READING scroll labelled DOALOFITYT.
  2109 | D:3      | 2109 ||| STAIRDANCE
  2113 | D:3      | 2113 ||| STAIRDANCE
  2117 | D:3      | 2117 ||| STAIRDANCE
  2121 | D:3      | 2121 ||| STAIRDANCE
  2125 | D:3      | 2125 ||| STAIRDANCE
  2129 | D:3      | 2129 ||| STAIRDANCE
  2133 | D:3      | 2133 ||| STAIRDANCE
  2137 | D:3      | 2137 ||| STAIRDANCE
  2141 | D:3      | 2141 ||| STAIRDANCE
  2145 | D:3      | 2145 ||| STAIRDANCE
  2149 | D:3      | 2149 ||| STAIRDANCE
  2153 | D:3      | 2153 ||| STAIRDANCE
  2157 | D:3      | 2157 ||| STAIRDANCE
  2161 | D:3      | 2161 ||| STAIRDANCE
  2165 | D:3      | 2165 ||| STAIRDANCE
  2169 | D:3      | 2169 ||| STAIRDANCE
  2173 | D:3      | 2173 ||| STAIRDANCE
  2177 | D:3      | 2177 ||| STAIRDANCE
  2181 | D:3      | 2181 ||| STAIRDANCE
  2185 | D:3      | 2185 ||| STAIRDANCE
  2664 | D:4      | Reached skill level 6 in Ranged Weapons
  2664 | D:4      | HP: 10/45 [killer bee (6)]
  2666 | D:4      | HP: 4/45 [killer bee (5)]
  2666 | D:4      | Slain by a killer bee

Levels and vault maps discovered:
D:1:      minmay_arrival_diagonal_passages, layout_basic
D:2:      layout_basic, uniq_terence
D:3:      layout_loops_ring, tgw_fedhas, nicolae_ru_awakened_eye,
          dreamdust_ecumenical_altar_angels_and_demons, nicolae_half_adder
D:4:      layout_loops_corners, zin_scriptorium,
          chequers_temple_overflow_minitemple, lemuel_tele_altar, serial_undead,
          serial_undead_a, serial_undead_f, serial_undead_e, serial_undead_b,
          uniq_ijyb

Skill      XL: |  1  2  3  4  5 |
---------------+----------------+-----
Ranged Weapons | 3 4 5 6 |  6.2
Fighting       | 2 3 |  3.1
Armour         | 1 |  1.0
Dodging        | |  2.1
Spellcasting   | |  1.0
Hexes          | |  2.0

Action                     |  1- 3 |  4- 6 || total
---------------------------+-------+-------++-------
   Fire: Sling             |    70 |   110 ||   180
    Use: Scroll            |     3 |     6 ||     9
         Potion            |     2 |     4 ||     6
 Armour: Robe              |     1 |       ||     1
         Ring mail         |     4 |    12 ||    16
  Dodge: Dodged            |    12 |    52 ||    64

Table legend:
 A = Non-vault XP
 B = Vault XP
 C = Vault XP percentage of total XP
 D = Non-vault monster count
 E = Vault monster count
 F = Vault count percentage of total count
                 A         B        C        D         E       F
            +---------+---------+-------+---------+---------+-------
      Total |     294 |      77 |  20.8 |      57 |       4 |   6.6
            +---------+---------+-------+---------+---------+-------
        D:1 |      24 |       0 |   0.0 |      13 |       0 |   0.0
        D:2 |     123 |      38 |  23.6 |      28 |       1 |   3.4
        D:3 |      37 |      39 |  51.3 |      14 |       3 |  17.6
        D:4 |     110 |       0 |   0.0 |       2 |       0 |   0.0
            +---------+---------+-------+---------+---------+-------
